 Dungeon Crawl Stone Soup version 0.17.0-24-gcfadda4 (webtiles) character file.

1939 M4edhros the Covert (level 9, -7/53 HPs)
             Began as an Octopode Artificer on Nov 16, 2015.
             Was an Initiate of Fedhas.
             Mangled by a small abomination (19 damage)
             ... summoned by the capriciousness of Xom
             ... on level 6 of the Dungeon.
             The game lasted 00:16:29 (4518 turns).

M4edhros the Covert (Octopode Artificer)            Turns: 4518, Time: 00:16:30

Health: -7/53      AC:  2    Str: 10    XL:     9   Next: 18%
Magic:  14/14      EV: 12    Int: 15    God:    Fedhas [......]
Gold:   141        SH:  0    Dex: 15    Spells: 0 memorised, 8 levels left

rFire  + . .     SeeInvis .     o - +3 dagger
rCold  x . .     Clarity  .     (no shield)
rNeg   . . .     SustAt   .     q - +1 hat
rPois  .         Gourm    .     h - amulet of regeneration
rElec  .         Spirit   .     u - ring of fire
rCorr  .         Warding  .     F - ring of stealth
rMut   .         Stasis   .     (no ring)
MR     .....                    (no ring)
Stlth  ++++++++..               (no ring)
                                (no ring)
                                (no ring)
                                (no ring)

@: not resistant to hostile enchantments, extraordinarily stealthy
A: almost no armour, amphibious, 8 rings, constrict 8, camouflage 1, gelatinous
body 1
a: Renounce Religion


You were on level 6 of the Dungeon.
You worshipped Fedhas.
Fedhas was noncommittal.
You were not hungry.

You visited 2 branches of the dungeon, and saw 8 of its levels.
You also visited: Sewer.

You collected 291 gold pieces.
You spent 150 gold pieces at shops.

Inventory:

Hand Weapons
 o - a +3 dagger (weapon)
 r - a +3 greatsling
 v - a +0 blowgun
Missiles
 a - 114 stones
 f - 2 throwing nets (quivered)
 i - 16 steel sling bullets
 l - 8 tomahawks of dispersal
 w - 18 poisoned needles
 C - 2 needles of sleeping
Armour
 q - a +1 hat (worn)
Jewellery
 h - an amulet of regeneration (around mantle)
 u - a ring of fire (left tentacle)
 F - a ring of stealth (right tentacle)
 I - an uncursed amulet of rage {unknown}
Wands
 b - a wand of flame (6)
 c - a wand of enslavement (13)
 d - a wand of random effects (13)
 s - a wand of lightning (3)
 B - a wand of flame (31)
Scrolls
 g - a scroll of fear {unknown}
 j - 2 scrolls of immolation
 k - 4 scrolls of recharging {unknown}
 m - a scroll of teleportation {unknown}
 t - 3 scrolls of remove curse
 y - a scroll of amnesia
 z - a scroll of noise {unknown}
 D - 4 scrolls of identify
 H - a scroll of magic mapping
 K - a scroll of random uselessness {unknown}
 L - a scroll of enchant armour {unknown}
Potions
 x - 3 potions of flight
 G - a potion of brilliance
Comestibles
 e - 6 bread rations
 n - 2 beef jerkies
 p - 2 meat rations
 E - a royal jelly


   Skills:
 - Level 1.0 Fighting
 - Level 1.0 Short Blades
 * Level 2.8 Slings
 - Level 2.0 Dodging
 * Level 12.3 Stealth
 + Level 2.2 Invocations
 + Level 7.8 Evocations


You had 8 spell levels left.
You didn't know any spells.

Dungeon Overview and Level Annotations

Branches:
Dungeon (7/15)             Temple (1/1) D:7

Altars:
Ashenzari
Cheibriados
Dithmenos
Elyvilon
Fedhas
Kikubaaqudgha
Makhleb
Nemelex Xobeh
Okawaru
Qazlal
Sif Muna
Trog
Vehumet
Xom
Zin

Shops:
D:4 (


Innate Abilities, Weirdness & Mutations

You cannot wear most types of armour.
You are amphibious.
You can wear up to eight rings at the same time.
You can use your tentacles to constrict eight enemies at once.
Your skin changes colour to match your surroundings (Stealth).
Your rubbery body absorbs attacks (AC +1).


Message History

The small abomination is lightly damaged.
The small abomination hits you but does no damage.
You hit the orc but do no damage. You grab the orc.
The orc is lightly wounded.
You constrict the orc, but do no damage.
The orc hits you with a dagger. The small abomination hits you!
You hit the orc but do no damage.
The orc is lightly wounded.
You constrict the orc. The orc hits you but does no damage.
The small abomination misses you.
You hit the orc.
The orc is severely wounded.
You constrict the orc, but do no damage.
The orc barely misses you. The small abomination hits you!
* * * LOW HITPOINT WARNING * * *
You hit the orc but do no damage. You squeeze the orc.
You kill the orc!
The small abomination hits you!!
You die...
Fedhas appreciates your contribution to the ecosystem.

*,* *,* *,,,...
#.* *,* ****###
*.* *,* # *.##
*.######## # *))#
*.......<# # *#.#
*#######.# # #.#
#.# # #)# #.# #
#@# #.# # #x# #.#
##
#.##########.####.
#?.............#..
############.#....
#...... #.#....
#...... ######.


You could see a small abomination.

Vanquished Creatures
  2 wandering mushrooms (D:2)
  Grinder (D:3)
  An orc warrior (D:7)
  A deep elf mage (D:7)
  Sigmund (D:5)
  A hungry ghost (D:6)
  An ogre (D:5)
  A giant frog (D:3)
  A big kobold (Sewer)
  4 crimson imps
  3 hounds
  A jelly (D:5)
  6 orc wizards
  3 orc priests
  2 iguanas
  3 worker ants
  A hound zombie (D:7)
  2 hound skeletons (D:5)
  A worker ant zombie (D:6)
  8 adders
  3 river rats (Sewer)
  2 worms (D:3)
  20 orcs
  4 ball pythons
  5 bats
  5 giant cockroaches
  7 goblins
  7 hobgoblins
  6 jackals
  A quokka (D:5)
  4 giant geckos
  A giant gecko skeleton (D:4)
  7 giant newts
  10 kobolds
  2 quokka skeletons (D:4)
  A quokka zombie (D:5)
  7 rats
136 creatures vanquished.

Vanquished Creatures (collateral kills)
  A phantom (D:5)
  An ogre (D:7)
  The ghost of puimuR the Chopper, an amateur DsGl (D:4)
  An orc (D:7)
4 creatures vanquished.

Vanquished Creatures (others)
  81 toadstools
81 creatures vanquished.

Grand Total: 221 creatures vanquished

Notes
Turn   | Place    | Note
--------------------------------------------------------------
     0 | D:1      | M4edhros the Octopode Artificer began the quest for the Orb.
     0 | D:1      | Reached XP level 1. HP: 13/13 MP: 3/3
   331 | D:1      | Reached XP level 2. HP: 18/18 MP: 4/4
   638 | D:1      | Reached skill level 4 in Evocations
   774 | D:1      | Reached XP level 3. HP: 23/23 MP: 6/6
   988 | D:5      | Entered Level 5 of the Dungeon
   989 | D:5      | Found a sparkling altar of Nemelex Xobeh.
  1023 | D:5      | Found a deep blue altar of Sif Muna.
  1121 | D:6      | Reached XP level 4. HP: 28/28 MP: 7/7
  1172 | D:6      | Noticed a hungry ghost
  1179 | D:6      | Killed a hungry ghost
  1179 | D:6      | Reached skill level 6 in Stealth
  1179 | D:6      | Reached skill level 5 in Evocations
  1179 | D:6      | Reached XP level 5. HP: 29/33 MP: 8/8
  1179 | D:6      | Reached XP level 6. HP: 33/38 MP: 9/9
  1218 | D:6      | Found a glowing drain.
  1222 | Sewer    | Entered a sewer
  1340 | Sewer    | Reached skill level 7 in Stealth
  1387 | Sewer    | Found a white marble altar of Elyvilon.
  1476 | D:7      | Noticed a deep elf mage
  1526 | D:7      | Found a white marble altar of Elyvilon.
  1544 | D:7      | Found a staircase to the Ecumenical Temple.
  1555 | Temple   | Entered the Ecumenical Temple
  1643 | Temple   | Became a worshipper of Fedhas Madash
  1787 | D:7      | Reached skill level 8 in Stealth
  1787 | D:7      | Reached XP level 7. HP: 22/43 MP: 11/11
  1817 | D:7      | HP: 2/43 [orc warrior/hand axe of freezing (6)]
  1995 | D:5      | Reached skill level 9 in Stealth
  2118 | D:5      | Noticed Sigmund
  2128 | D:5      | Killed Sigmund
  2128 | D:5      | Reached skill level 10 in Stealth
  2128 | D:5      | Reached XP level 8. HP: 43/48 MP: 11/13
  2249 | D:5      | Reached * piety under Fedhas
  2297 | D:5      | Noticed an ogre
  2305 | D:5      | Killed an ogre
  2305 | D:5      | Reached skill level 11 in Stealth
  2385 | D:5      | Noticed a phantom
  2460 | D:5      | Killed a phantom
  2624 | D:4      | Found a burning altar of Makhleb.
  2682 | D:4      | Found Decsoad's Weapon Shop.
  2711 | D:4      | Bought a +0 greatsling for 150 gold pieces
  2826 | D:4      | Noticed puimuR's ghost (amateur DsGl)
  2848 | D:4      | Killed puimuR's ghost
  3094 | D:4      | Noticed an Executioner
  3098 | D:4      | Noticed a smoke demon
  3098 | D:4      | Noticed a hellwing
  3169 | D:3      | Reached ** piety under Fedhas
  3460 | D:3      | Noticed Grinder
  3464 | D:3      | Killed Grinder
  3464 | D:3      | Reached skill level 1 in Slings
  3464 | D:3      | Reached skill level 12 in Stealth
  3464 | D:3      | Reached skill level 1 in Invocations
  3502 | D:3      | Reached XP level 9. HP: 45/53 MP: 14/14
  3540 | D:2      | Found a shimmering altar of Xom.
  3541 | D:2      | Found a shimmering altar of Xom.
  3550 | D:2      | Found a shimmering altar of Xom.
  3550 | D:2      | Found a shimmering altar of Xom.
  3550 | D:2      | Found a shimmering altar of Xom.
  3553 | D:2      | Found a shimmering altar of Xom.
  3996 | D:2      | You fall through a shaft!
  4060 | D:2      | Fell from the grace of Fedhas
  4060 | D:2      | Became a worshipper of Xom the Tricky
  4068 | D:2      | XOM: silly message
  4070 | D:2      | XOM: potion effect (haste)
  4108 | D:2      | XOM: silly message
  4266 | Temple   | Fell from the grace of Xom
  4266 | Temple   | Became a worshipper of Fedhas Madash
  4307 | D:7      | Killed a deep elf mage
  4413 | D:6      | XOM: medium Summ miscast
  4518 | D:6      | Mangled by a small abomination

Action                   |  1- 3 |  4- 6 |  7- 9 || total
-------------------------+-------+-------+-------++-------
Melee: Short sword       |    46 |       |       ||    46
       Dagger            |    21 |    55 |   192 ||   268
 Fire: Greatsling        |       |       |    31 ||    31
Invok: Evolution         |       |       |     2 ||     2
Evoke: Wand              |     2 |     7 |     8 ||    17
  Use: Scroll            |     3 |     1 |     7 ||    11
       Potion            |       |     4 |     6 ||    10
 Stab: Sleeping          |     5 |     6 |    23 ||    34
  Eat: Chunk             |     1 |     1 |       ||     2
       Beef jerky        |       |     1 |       ||     1
       Pizza             |       |       |     1 ||     1
       Bread ration      |       |       |     1 ||     1
       Meat ration       |       |       |     1 ||     1
